AoeStats
← miguelon01

Pilgrims

509219581Analyzed
4v4 RM · 6d ago on Sep 25, 2026· 44m 57s· 8 players
Game mode
Random Map
Map size
Large (8 player)
Population
200
Speed
Normal
Resources
Standard
Victory
Conquest
Starting age
Dark Age
Ending age
Imperial Age
RankedLock teamsTeams togetherTeam positionsShared explorationLock speedFull tech treeHidden civsTurbo modeCheats
Victory
Defeat
🇬🇷 Saracens · Greece
1206
+16
🇲🇽 Persians · Mexico
1199
+16
🇧🇴 Magyars · Bolivia
1196
+16
🇧🇷 Khmer · Brazil
1157
+18
🇨🇳 Mongols · China
1255
-18
🇩🇪 Italians · Germany
1230
-17
🇧🇷 Koreans · Brazil
1176
-16
🇮🇹 Armenians · Italy
1164
-15
Naco y Estúpido
8:47 Loom
15:58 Feudal Age
16:55 Double-Bit Axe
17:54 Fletching
21:24 Castle Age
21:33 Wheelbarrow
23:11 Town Watch
25:27 Bodkin Arrow
28:29 Medium Warships
30:32 Hand Cart
32:20 Padded Archer Armor
32:23 Kamandaran
33:36 Scale Barding Armor
33:41 Forging
33:35 Kamandaran
36:09 Imperial Age
36:17 Iron Casting
38:03 Masonry
38:04 Bloodlines
37:54 Husbandry
38:10 Fishing Lines
39:19 Stone Mining
39:19 Gold Mining
40:31 Husbandry
41:23 Bow Saw
41:07 Gillnets
43:02 Chain Barding Armor
43:42 Blast Furnace
joaopessoense
13:30 Feudal Age
14:19 Fishing Lines
17:31 Castle Age
16:13 Double-Bit Axe
17:09 Bloodlines
17:30 Loom
18:22 Husbandry
19:28 Bow Saw
23:04 Wheelbarrow
24:31 Scale Barding Armor
24:56 Horse Collar
26:26 Hand Cart
27:24 Heavy Plow
28:10 Gillnets
28:34 Gold Mining
28:53 Fletching
29:02 Town Watch
32:43 Imperial Age
32:09 Town Patrol
34:49 Crop Rotation
35:11 Bodkin Arrow
35:37 Chain Barding Armor
35:28 Forging
35:18 Elite Ballista Elephant
36:50 Double Crossbow
38:29 Ballistics
39:09 Chemistry
39:19 Conscription
40:35 Bracer
41:11 Iron Casting
41:11 Plate Barding Armor
41:28 Gold Shaft Mining
41:59 Light Cavalry
44:53 Blast Furnace
Zx0mB0Y
12:49 Feudal Age
18:00 Castle Age
15:53 Double-Bit Axe
15:48 Horse Collar
20:07 Scale Barding Armor
23:05 Bow Saw
27:42 Heavy Plow
28:10 Fletching
29:17 Wheelbarrow
28:36 Gold Mining
29:36 Bodkin Arrow
30:15 Padded Archer Armor
30:07 Elite Skirmisher
32:40 Leather Archer Armor
33:14 Thumb Ring
33:48 Loom
34:21 Hand Cart
34:00 Stone Mining
34:50 Town Watch
35:37 Chain Barding Armor
36:50 Gold Shaft Mining
39:05 Imperial Age
38:19 Husbandry
38:30 Bloodlines
39:21 Treadmill Crane
39:50 Bracer
40:23 Parthian Tactics
41:10 Chemistry
40:16 Siege Engineers
41:29 Crop Rotation
42:03 Two-Man Saw
40:53 Elite Magyar Huszar
41:43 Town Patrol
42:48 Conscription
43:25 Ring Archer Armor
43:30 Plate Barding Armor
44:03 Hoardings
nikos9730
3:09 Loom
15:31 Feudal Age
17:13 Fletching
22:07 Castle Age
21:09 Double-Bit Axe
21:59 Stone Mining
23:18 Medium Warships
24:24 Wheelbarrow
33:50 Fishing Lines
34:22 Gold Mining
35:14 Hand Cart
37:15 Bodkin Arrow
38:21 Bow Saw
43:08 Bloodlines
42:58 Husbandry
47:07 Imperial Age
44:29 Light Cavalry
Tikka Masala
5:16 Loom
19:21 Feudal Age
20:42 Feudal Age
25:01 Castle Age
24:47 Fishing Lines
34:42 Wheelbarrow
35:17 Sanctity
35:59 Hand Cart
36:18 Redemption
36:04 Town Watch
36:41 Scale Mail Armor
37:08 Double-Bit Axe
37:05 Horse Collar
39:07 Heavy Plow
39:12 Herbal Medicine
39:51 Forging
40:40 Fervor
44:03 Iron Casting
43:43 Chain Mail Armor
46:22 Imperial Age
44:15 Fletching
44:47 Ballistics
FRKNCY
6:49 Loom
10:52 Feudal Age
12:16 Double-Bit Axe
15:05 Castle Age
13:34 Fletching
16:13 Bow Saw
15:44 Horse Collar
16:28 Bodkin Arrow
16:50 Medium Warships
17:24 Heavy Plow
17:13 Crossbowman
21:48 Padded Archer Armor
23:03 Wheelbarrow
23:51 Leather Archer Armor
28:44 Imperial Age
30:32 Chemistry
30:11 Bracer
32:01 Ring Archer Armor
32:15 Ballistics
34:35 Town Watch
35:05 Hand Cart
38:36 Scale Barding Armor
38:09 Light Cavalry
38:59 Bloodlines
41:17 Husbandry
41:29 Forging
出兵保護我~
7:06 Loom
12:56 Feudal Age
14:29 Fishing Lines
17:39 Castle Age
16:03 Stone Mining
17:08 Double-Bit Axe
17:49 Horse Collar
18:44 Gillnets
19:21 Bow Saw
20:22 Wheelbarrow
22:16 Pikeman
23:12 Scale Mail Armor
24:36 Forging
24:21 Gold Mining
28:58 Chain Mail Armor
28:41 Fletching
28:51 Padded Archer Armor
30:24 Hand Cart
30:49 Ballistics
30:40 Masonry
30:27 Bodkin Arrow
32:52 Gold Shaft Mining
36:02 Leather Archer Armor
39:57 Imperial Age
38:45 Heavy Plow
40:44 Bracer
41:23 Conscription
40:42 Elite Mangudai
43:34 Chemistry
43:26 Drill
42:29 Capped Ram
miguelon01
8:29 Loom
11:55 Feudal Age
17:43 Castle Age
17:29 Double-Bit Axe
20:21 Horse Collar
23:38 Gold Mining
24:31 Fletching
28:38 Forging
28:34 Scale Barding Armor
29:09 Scale Mail Armor
33:04 Husbandry
33:26 Chain Barding Armor
38:01 Wheelbarrow
37:19 Stone Mining
38:10 Bow Saw
41:55 Heavy Plow
41:33 Light Cavalry
42:18 Squires
42:03 Arson
42:04 Treadmill Crane
Connection lost

Rejoining the realm…

Still unreachable

The connection could not be restored.

Session expired

The server has moved on; the page needs a fresh start.